TOP OF THE 1ST |
Redwood City Redwoods batting - Pitching for Texarkana Bears : RHP Vaughan Gillespie
|
Pitching: RHP Vaughan Gillespie
|
|
Batting: RHB Robert Downing
|
0-0: Ball 1-0: Called Strike 1-1: Foul Ball, location: 2F 1-2: Foul Ball, location: 2F 1-2: Ground out 5-3 (Groundball, 56S)
|
Batting: LHB Keith Green
|
0-0: Ground out 4-3 (Groundball, 4)
|
Batting: LHB Marcos Pérez
|
0-0: Called Strike 0-1: Ball 1-1: Foul Ball, location: 2F 1-2: Ground out U3 (Groundball, 3)
|
Top of the 1st over - 0 run(s), 0 hit(s), 0 error(s), 0 left on base; Redwood City 0 - Texarkana 0 |
BOTTOM OF THE 1ST |
Texarkana Bears batting - Pitching for Redwood City Redwoods : RHP Bill Peterson
|
Pitching: RHP Bill Peterson
|
|
Batting: LHB Guy Moss
|
0-0: Ball 1-0: Foul Ball, location: 2F 1-1: Swinging Strike 1-2: Foul Ball, location: 2F 1-2: Ball 2-2: Ground out 3-1 (Groundball, 34)
|
Batting: RHB Tony Reyes
|
0-0: Fly out, F6 (Popup, 6MD)
|
Batting: RHB Billy Campbell
|
0-0: Called Strike 0-1: Ball 1-1: Ball 2-1: Foul Ball, location: 2F 2-2: Ball 3-2: Fly out, F7 (Flyball, 7S)
|
Bottom of the 1st over - 0 run(s), 0 hit(s), 0 error(s), 0 left on base; Redwood City 0 - Texarkana 0 |
TOP OF THE 2ND |
Redwood City Redwoods batting - Pitching for Texarkana Bears : RHP Vaughan Gillespie
|
Batting: LHB Bill McCraney
|
0-0: Ground out 4-3 (Groundball, 4)
|
Batting: LHB Vicente Chávez
|
0-0: Called Strike 0-1: Foul Ball, location: 2F 0-2: Ball 1-2: Ball 2-2: Strikes out looking
|
Batting: RHB Richie Miller
|
0-0: Ground out 4-3 (Groundball, 4S)
|
Top of the 2nd over - 0 run(s), 0 hit(s), 0 error(s), 0 left on base; Redwood City 0 - Texarkana 0 |
BOTTOM OF THE 2ND |
Texarkana Bears batting - Pitching for Redwood City Redwoods : RHP Bill Peterson
|
Batting: RHB Michael Barraclough
|
0-0: Ground out 6-3 (Groundball, 6)
|
Batting: LHB Sam Barnes
|
0-0: Swinging Strike 0-1: Swinging Strike 0-2: Ball 1-2: Ball 2-2: Foul Ball, location: 2F 2-2: Ground out 4-3 (Groundball, 34)
|
Batting: LHB Tom Mullins
|
0-0: Ground out 5-3 (Groundball, 56S)
|
Bottom of the 2nd over - 0 run(s), 0 hit(s), 0 error(s), 0 left on base; Redwood City 0 - Texarkana 0 |
TOP OF THE 3RD |
Redwood City Redwoods batting - Pitching for Texarkana Bears : RHP Vaughan Gillespie
|
Batting: LHB Pedro Rodríguez
|
0-0: Called Strike 0-1: Ball 1-1: Called Strike 1-2: Strikes out swinging
|
Batting: RHB Héctor Vázquez
|
0-0: Ball 1-0: Hit by Pitch
|
Batting: RHB David Strickland
|
0-0: Ball 1-0: Called Strike 1-1: Ball 2-1: Fly out, F8 (Flyball, 78M)
|
Batting: RHB Robert Downing
|
0-0: Ball 1-0: Called Strike 1-1: DOUBLE (Line Drive, 8RXD) Héctor Vázquez to third
|
Pinch Runner at 2nd Jesús Cuevas:
|
|
Batting: LHB Keith Green
|
0-0: Ball 1-0: SINGLE (Groundball, 4MD) Héctor Vázquez scores Jesús Cuevas to third Runner from 3rd tries for Home, SAFE, no throw
|
Batting: LHB Marcos Pérez
|
Pickoff Throw to First - Out!
|
Top of the 3rd over - 2 run(s), 2 hit(s), 0 error(s), 0 left on base; Redwood City 2 - Texarkana 0 |
BOTTOM OF THE 3RD |
Texarkana Bears batting - Pitching for Redwood City Redwoods : RHP Bill Peterson
|
Now at 2B: Jesús Cuevas
|
|
Batting: RHB Steve Garneys
|
0-0: Called Strike 0-1: Foul Ball, location: 2F 0-2: Strikes out swinging
|
Batting: RHB Arturo Rodríguez
|
0-0: Called Strike 0-1: Swinging Strike 0-2: Foul Ball, location: 2F 0-2: Ball 1-2: Strikes out swinging
|
Batting: RHB Kun Liu
|
0-0: Foul Ball, location: 2F 0-1: Foul Ball, location: 2F 0-2: Ball 1-2: Ball 2-2: Ground out 4-3 (Groundball, 4)
|
Bottom of the 3rd over - 0 run(s), 0 hit(s), 0 error(s), 0 left on base; Redwood City 2 - Texarkana 0 |
TOP OF THE 4TH |
Redwood City Redwoods batting - Pitching for Texarkana Bears : RHP Vaughan Gillespie
|
Batting: LHB Marcos Pérez
|
0-0: Ball 1-0: Called Strike 1-1: Foul Ball, location: 2F 1-2: Fly out, F1 (Line Drive, 15S)
|
Batting: LHB Bill McCraney
|
0-0: Ground out 4-3 (Groundball, 4)
|
Batting: LHB Vicente Chávez
|
0-0: Foul Ball, location: 2F 0-1: Ball 1-1: Called Strike 1-2: Ball 2-2: Foul Ball, location: 2F 2-2: Ball 3-2: Foul Ball, location: 2F 3-2: Foul Ball, location: 2F 3-2: Ground out 4-3 (Groundball, 34D)
|
Top of the 4th over - 0 run(s), 0 hit(s), 0 error(s), 0 left on base; Redwood City 2 - Texarkana 0 |
BOTTOM OF THE 4TH |
Texarkana Bears batting - Pitching for Redwood City Redwoods : RHP Bill Peterson
|
Batting: LHB Guy Moss
|
0-0: Ball 1-0: Ball 2-0: Called Strike 2-1: Ball 3-1: Called Strike 3-2: SINGLE (Line Drive, 78M)
|
Batting: RHB Tony Reyes
|
0-0: Foul Ball, location: 2F 0-1: Ball 1-1: Ball 2-1: Ball 3-1: Called Strike 3-2: Strikes out swinging
|
Batting: RHB Billy Campbell
|
0-0: Ball Guy Moss is caught stealing 2nd base 1-0: Foul Ball, location: 2F 1-1: Ball 2-1: SINGLE (Groundball, 6MD)
|
Batting: RHB Michael Barraclough
|
0-0: Called Strike 0-1: Ball 1-1: Fielders Choice at 2nd, 6-4 (Groundball, 6)
|
Bottom of the 4th over - 0 run(s), 2 hit(s), 0 error(s), 0 left on base; Redwood City 2 - Texarkana 0 |
TOP OF THE 5TH |
Redwood City Redwoods batting - Pitching for Texarkana Bears : RHP Vaughan Gillespie
|
Batting: RHB Richie Miller
|
0-0: Called Strike 0-1: Hit by Pitch
|
Batting: LHB Pedro Rodríguez
|
0-0: Ball 1-0: Ball 2-0: Called Strike 2-1: Ball 3-1: Fielders Choice at 2nd, 6-4 (Groundball, 6)
|
Batting: RHB Héctor Vázquez
|
0-0: Ball Pedro Rodríguez steals 2nd base 1-0: Called Strike 1-1: Swinging Strike 1-2: Ball 2-2: Foul Ball, location: 2F 2-2: Ball 3-2: Base on Balls
|
Batting: RHB David Strickland
|
0-0: Ball Wild Pitch! Pedro Rodríguez to third Héctor Vázquez to second 1-0: Ball 2-0: Foul Ball, location: 2F 2-1: Fly out, F9 (Line Drive, 9) Runner from 3rd tags up, SCORES, no throw
|
Batting: RHB Jesús Cuevas
|
0-0: Called Strike 0-1: Ground out 6-3 (Groundball, 6)
|
Top of the 5th over - 1 run(s), 0 hit(s), 0 error(s), 1 left on base; Redwood City 3 - Texarkana 0 |
BOTTOM OF THE 5TH |
Texarkana Bears batting - Pitching for Redwood City Redwoods : RHP Bill Peterson
|
Batting: LHB Sam Barnes
|
0-0: Ball 1-0: Fly out, F9 (Flyball, 89D)
|
Batting: LHB Tom Mullins
|
0-0: Swinging Strike 0-1: Fly out, F8 (Flyball, 8LS)
|
Batting: RHB Steve Garneys
|
0-0: Ball 1-0: Foul Ball, location: 2F 1-1: Ball 2-1: Ground out 5-3 (Groundball, 5L)
|
Bottom of the 5th over - 0 run(s), 0 hit(s), 0 error(s), 0 left on base; Redwood City 3 - Texarkana 0 |
TOP OF THE 6TH |
Redwood City Redwoods batting - Pitching for Texarkana Bears : RHP Vaughan Gillespie
|
Batting: LHB Keith Green
|
0-0: Called Strike 0-1: Foul Ball, location: 2F 0-2: Ball 1-2: Foul Ball, location: 2F 1-2: Ball 2-2: Ground out 6-3 (Groundball, 6M)
|
Batting: LHB Marcos Pérez
|
0-0: Ball 1-0: SINGLE (Flyball, 8RS)
|
Batting: LHB Bill McCraney
|
0-0: Called Strike 0-1: Fly out, F8 (Flyball, 8RD)
|
Batting: LHB Vicente Chávez
|
0-0: Foul Ball, location: 2F 0-1: Ball 1-1: Swinging Strike 1-2: Ball 2-2: Foul Ball, location: 2F 2-2: Strikes out swinging
|
Top of the 6th over - 0 run(s), 1 hit(s), 0 error(s), 1 left on base; Redwood City 3 - Texarkana 0 |
BOTTOM OF THE 6TH |
Texarkana Bears batting - Pitching for Redwood City Redwoods : RHP Bill Peterson
|
Batting: RHB Arturo Rodríguez
|
0-0: Swinging Strike 0-1: Ball 1-1: Ball 2-1: Foul Ball, location: 2F 2-2: Strikes out swinging
|
Batting: RHB Kun Liu
|
0-0: Ball 1-0: Foul Ball, location: 2F 1-1: Ball 2-1: Ground out 6-3 (Groundball, 6)
|
Batting: LHB Guy Moss
|
0-0: Ball 1-0: Ball 2-0: Called Strike 2-1: Swinging Strike 2-2: Fly out, F8 (Flyball, 8LD)
|
Bottom of the 6th over - 0 run(s), 0 hit(s), 0 error(s), 0 left on base; Redwood City 3 - Texarkana 0 |
TOP OF THE 7TH |
Redwood City Redwoods batting - Pitching for Texarkana Bears : RHP Vaughan Gillespie
|
Pitching: RHP António Ramírez
|
|
Batting: RHB Richie Miller
|
0-0: Ground out 5-3 (Groundball, 56)
|
Batting: LHB Pedro Rodríguez
|
0-0: Ball 1-0: Called Strike 1-1: Foul Ball, location: 2F 1-2: Strikes out swinging
|
Batting: RHB Héctor Vázquez
|
0-0: Called Strike 0-1: Called Strike 0-2: Ball 1-2: Foul Ball, location: 2F 1-2: Ball 2-2: Ball 3-2: DOUBLE (Line Drive, 7LS)
|
Batting: RHB David Strickland
|
0-0: Called Strike 0-1: Foul Ball, location: 2F 0-2: Ball 1-2: Ball 2-2: Strikes out swinging
|
Top of the 7th over - 0 run(s), 1 hit(s), 0 error(s), 1 left on base; Redwood City 3 - Texarkana 0 |
BOTTOM OF THE 7TH |
Texarkana Bears batting - Pitching for Redwood City Redwoods : RHP Bill Peterson
|
Batting: RHB Tony Reyes
|
0-0: Ball 1-0: Bunted foul 1-1: Called Strike 1-2: Ground out 6-3 (Groundball, 6S)
|
Batting: RHB Billy Campbell
|
0-0: Foul Ball, location: 2F 0-1: Ball 1-1: Called Strike 1-2: Foul Ball, location: 2F 1-2: Foul Ball, location: 2F 1-2: Ball 2-2: Foul Ball, location: 2F 2-2: Ball 3-2: DOUBLE (Flyball, 7D)
|
Batting: RHB Michael Barraclough
|
0-0: Ground out 4-3 (Groundball, 4) Billy Campbell to third
|
Batting: LHB Sam Barnes
|
0-0: Called Strike 0-1: Swinging Strike 0-2: Ball 1-2: Ball 2-2: Ball 3-2: Strikes out swinging
|
Bottom of the 7th over - 0 run(s), 1 hit(s), 0 error(s), 1 left on base; Redwood City 3 - Texarkana 0 |
TOP OF THE 8TH |
Redwood City Redwoods batting - Pitching for Texarkana Bears : RHP António Ramírez
|
Batting: RHB Jesús Cuevas
|
0-0: Foul Ball, location: 2F 0-1: Ground out 4-3 (Groundball, 4D)
|
Batting: LHB Keith Green
|
0-0: Ball 1-0: Ball 2-0: Called Strike 2-1: Ball 3-1: Foul Ball, location: 2F 3-2: Ground out 4-3 (Groundball, 4)
|
Batting: LHB Marcos Pérez
|
0-0: Ball 1-0: Ball 2-0: Ball 3-0: Called Strike 3-1: Base on Balls
|
Batting: LHB Bill McCraney
|
0-0: Called Strike 0-1: Ball Throwing error on steal attempt, E2 Marcos Pérez to third 1-1: Ground out 4-3 (Groundball, 4)
|
Top of the 8th over - 0 run(s), 0 hit(s), 1 error(s), 1 left on base; Redwood City 3 - Texarkana 0 |
BOTTOM OF THE 8TH |
Texarkana Bears batting - Pitching for Redwood City Redwoods : RHP Bill Peterson
|
Batting: LHB Tom Mullins
|
0-0: Foul Ball, location: 2F 0-1: Called Strike 0-2: Ball 1-2: Ball 2-2: Ball 3-2: Foul Ball, location: 2F 3-2: Ground out 6-3 (Groundball, 6)
|
Pitching: RHP Fernando Valdés
|
|
Batting: RHB Steve Garneys
|
0-0: Foul Ball, location: 2F 0-1: Swinging Strike 0-2: Ball 1-2: Foul Ball, location: 2F 1-2: Strikes out swinging
|
Batting: RHB Arturo Rodríguez
|
0-0: Called Strike 0-1: Foul Ball, location: 2F 0-2: SINGLE (Flyball, 7LM)
|
Pitching: RHP José Córdova
|
|
Batting: RHB Kun Liu
|
0-0: Called Strike 0-1: Foul Ball, location: 2F 0-2: Fielders Choice at 2nd, 4-6 (Groundball, 4)
|
Bottom of the 8th over - 0 run(s), 1 hit(s), 0 error(s), 0 left on base; Redwood City 3 - Texarkana 0 |
TOP OF THE 9TH |
Redwood City Redwoods batting - Pitching for Texarkana Bears : RHP António Ramírez
|
Batting: LHB Vicente Chávez
|
0-0: Called Strike 0-1: Ball 1-1: Called Strike 1-2: DOUBLE (Line Drive, 9D)
|
Batting: RHB Richie Miller
|
0-0: Foul Ball, location: 2F 0-1: Ball 1-1: Sac Bunt - play at third, runner OUT! 1-6
|
Batting: LHB Pedro Rodríguez
|
0-0: Ball 1-0: Fly out, F8 (Line Drive, 8RM)
|
Batting: RHB Héctor Vázquez
|
0-0: Called Strike 0-1: Called Strike 0-2: Strikes out swinging
|
Top of the 9th over - 0 run(s), 1 hit(s), 0 error(s), 1 left on base; Redwood City 3 - Texarkana 0 |
BOTTOM OF THE 9TH |
Texarkana Bears batting - Pitching for Redwood City Redwoods : RHP José Córdova
|
Pitching: LHP Henny van der Lack
|
|
Batting: LHB Guy Moss
|
0-0: Ball 1-0: Fly out, F8 (Flyball, 8LM)
|
Batting: RHB Tony Reyes
|
0-0: Fly out, F3 (Popup, 3S)
|
Batting: RHB Billy Campbell
|
0-0: Called Strike 0-1: Called Strike 0-2: Ball 1-2: Ball 2-2: Fly out, F9 (Flyball, 89S)
|
Bottom of the 9th over - 0 run(s), 0 hit(s), 0 error(s), 0 left on base; Redwood City 3 - Texarkana 0 |
|